[Event "Titled Tuesday Blitz March 01 Late 2022"]
[White "Gutenev, Alexander"]
[Black "Lima, Kleyton Alcantara"]
[WhiteFideId "4195540"]
[BlackFideId "22718397"]
[WhiteElo "2403"]
[BlackElo "1951"]
[Result "1-0"]
[Round "01"]
[TimeControl "180+1"]
[Date "2022.03.02"]
[WhiteClock "0:01:07"]
[BlackClock "0:00:41"]

1. e4 c5 2. Nf3 d6 3. Bb5+ Bd7 4. a4 Nf6 5. Nc3 g6 6. e5 dxe5 7. Nxe5 Bg7 8. Nxd7 Nbxd7 9. O-O O-O 10. Re1 e6 11. d3 a6 12. Bc4 Qc7 13. Qf3 Ne5 14. Qg3 Nh5 15. Qh4 Nxc4 16. Qxc4 Rad8 17. Be3 Bd4 18. Rad1 Nf4 19. g3 Bxe3 20. fxe3 Nd5 21. Ne4 Rc8 22. Ng5 Qe5 23. Qh4 h5 24. c3 b5 25. e4 Nf6 26. Nf3 g5 27. Nxg5 Nh7 28. Nf3 Qf6 29. Qxh5 bxa4 30. Rf1 Qg6 31. Qh4 c4 32. d4 Rb8 33. Rf2 Rb3 34. Ne5 Qg5 35. Nxc4 Qxh4 36. gxh4 Rc8 37. Nd6 Rcb8 38. Rdd2 a3 39. bxa3 Rxc3 40. Nxf7 Rxa3 41. Ne5 a5 42. Rg2+ Kf8 43. Rdf2+ Ke8 44. Rg8+ Ke7 45. Rf7+ Kd6 46. Rd7# 1-0


[Site "https://www.chess.com"]

[Event "Titled Tuesday Blitz March 01 Late 2022"]
[White "Hardaway, Brewington"]
[Black "Lopez Perdomo, Juan David"]
[WhiteFideId "30941849"]
[BlackFideId "4405137"]
[WhiteElo "1768"]
[BlackElo "1997"]
[Result "1-0"]
[Round "01"]
[TimeControl "180+1"]
[Date "2022.03.02"]
[WhiteClock "0:01:31"]
[BlackClock "0:01:36"]

1. d4 c5 2. d5 e6 3. c4 exd5 4. cxd5 d6 5. Nc3 Nf6 6. e4 g6 7. Nf3 Bg7 8. Bd3 O-O 9. h3 b5 10. Bxb5 Nxe4 11. O-O Bxc3 12. bxc3 Nxc3 13. Qb3 Nxb5 14. Qxb5 Ba6 15. Qb2 Qb6 16. Qc3 f6 17. Bh6 Rf7 18. Rfe1 Nd7 19. Rab1 Qc7 20. Re6 Ne5 21. Re1 Bc8 22. Re8+ 1-0


[Site "https://www.chess.com"]

[Event "Titled Tuesday Blitz March 01 Late 2022"]
[White "Harvey, Marcus R"]
[Black "Gatterer, Florian"]
[WhiteFideId "400092"]
[BlackFideId "811688"]
[WhiteElo "2485"]
[BlackElo "2218"]
[Result "1-0"]
[Round "01"]
[TimeControl "180+1"]
[Date "2022.03.02"]
[WhiteClock "0:00:11"]
[BlackClock "0:00:03"]

1. c4 e5 2. Nc3 Nf6 3. Nf3 Nc6 4. e3 Bb4 5. Qc2 Bxc3 6. Qxc3 Qe7 7. d4 e4 8. Nd2 d5 9. a3 a5 10. h3 h5 11. Be2 O-O 12. cxd5 Nxd5 13. Qc5 Qg5 14. g4 Re8 15. h4 Qd8 16. gxh5 Re6 17. Bg4 b6 18. Qc2 Nxd4 19. exd4 e3 20. Bxe6 exd2+ 21. Bxd2 Bxe6 22. O-O-O b5 23. Rhg1 Kh8 24. h6 g6 25. Bg5 Qd7 26. Qe4 Kh7 27. Qe5 f6 28. Bxf6 Bf5 29. Bh8 1-0


[Site "https://www.chess.com"]

[Event "Titled Tuesday Blitz March 01 Late 2022"]
[White "Hoffmann, Asa"]
[Black "Zubritskiy, Artyom"]
[WhiteFideId "2001470"]
[BlackFideId "4181247"]
[WhiteElo "2117"]
[BlackElo "2459"]
[Result "0-1"]
[Round "01"]
[TimeControl "180+1"]
[Date "2022.03.02"]
[WhiteClock "0:00:10"]
[BlackClock "0:00:06"]

1. d4 f5 2. Nc3 Nf6 3. Bg5 d5 4. f3 Nbd7 5. e4 e6 6. Bd3 h6 7. Bh4 g5 8. Bf2 Nb6 9. Qe2 Bb4 10. exf5 Qe7 11. fxe6 Bxe6 12. Bg6+ Kf8 13. Bd3 Na4 14. Kf1 Nxb2 15. Nb5 Nxd3 16. Qxd3 c6 17. Nc3 Kg7 18. Nge2 Raf8 19. Rb1 Ba5 20. Kg1 Qd7 21. Ng3 h5 22. h4 g4 23. f4 b5 24. f5 Bf7 25. Nce2 Bc7 26. Be3 Ne4 27. Bg5 Re8 28. Rf1 Rhf8 29. Kh2 Bg8 30. Bf4 Bf7 31. Bxc7 Qxc7 32. Nf4 Nxg3 33. Qxg3 Qd8 34. Re1 Qf6 35. Re5 Rxe5 36. dxe5 Qxf5 37. Re1 Be6 38. c3 Qxf4 0-1


[Site "https://www.chess.com"]

[Event "Titled Tuesday Blitz March 01 Late 2022"]
[White "Holt, Conrad"]
[Black "Ruiz Aguilar, Pablo Alexander"]
[WhiteFideId "2034387"]
[BlackFideId "4401352"]
[WhiteElo "2586"]
[BlackElo "2125"]
[Result "1-0"]
[Round "01"]
[TimeControl "180+1"]
[Date "2022.03.01"]
[WhiteClock "0:00:15"]
[BlackClock "0:00:08"]

1. d4 d5 2. c4 c6 3. Nc3 Nf6 4. e3 Bf5 5. Qb3 Qb6 6. Qxb6 axb6 7. cxd5 Nxd5 8. Nxd5 cxd5 9. Nf3 Nc6 10. Bb5 e6 11. Ne5 Rc8 12. g4 Be4 13. f3 Bg6 14. h4 f6 15. h5 fxe5 16. hxg6 exd4 17. Rxh7 Bb4+ 18. Ke2 Ke7 19. Rxg7+ Kf6 20. Rh7 Kxg6 21. Bd3+ Kf6 22. g5+ Kxg5 23. exd4+ Kf6 24. Be3 Rxh7 25. Bxh7 Rh8 26. Bc2 Rh2+ 27. Kd3 Bd6 28. a3 e5 29. dxe5+ Nxe5+ 30. Kc3 Bc5 31. Bf4 Rf2 32. Bxe5+ Kxe5 33. Re1+ Kd6 34. Bd1 b5 35. Kb3 Bd4 36. Be2 Rh2 37. Kc2 Bf2 38. Rb1 Bc5 39. Kd3 b4 40. axb4 Bxb4 41. Rg1 Bc5 42. Rg7 b6 43. Rg6+ Ke5 44. Rg5+ Kd6 45. Rf5 Ke6 46. Rf4 Ke5 47. Ra4 d4 48. Ra8 Rf2 49. Re8+ Kd5 50. Rd8+ Ke5 51. Re8+ Kd5 52. Rd8+ Ke5 53. Rb8 Kd5 54. Ra8 Ke5 55. Ra4 Kd5 56. Rc4 Ke5 57. b4 Bd6 58. Rxd4 Rxe2 59. Rxd6 Rf2 60. Rxb6 Rxf3+ 61. Kc4 Rf1 62. Kb5 Kd5 63. Rb8 Kd6 64. Kb6 Kd7 65. b5 Rf6+ 66. Kb7 Rf7 67. b6 Kd6+ 68. Ka6 Kc6 69. Rc8+ Kd6 70. b7 Rxb7 71. Kxb7 Kd7 72. Rc5 Ke6 73. Kc6 Kf6 74. Kd6 Kf7 75. Rf5+ Kg6 76. Ke6 Kg7 77. Rg5+ Kh6 78. Kf6 Kh7 79. Rh5+ Kg8 80. Rh6 Kf8 81. Rh8# 1-0


[Site "https://www.chess.com"]

[Event "Titled Tuesday Blitz March 01 Late 2022"]
[White "Hua, Lefong"]
[Black "Rudykh, Stepan"]
[WhiteFideId "2602253"]
[BlackFideId "4180321"]
[WhiteElo "2579"]
[BlackElo "2116"]
[Result "1-0"]
[Round "01"]
[TimeControl "180+1"]
[Date "2022.03.02"]
[WhiteClock "0:01:21"]
[BlackClock "0:00:21"]

1. d4 e6 2. c4 f5 3. g3 Nf6 4. Bg2 Be7 5. Nc3 O-O 6. Nf3 d6 7. O-O Ne4 8. Qc2 Nxc3 9. Qxc3 a5 10. b3 Nc6 11. Bb2 Bf6 12. Rad1 Qe8 13. Qc2 e5 14. dxe5 dxe5 15. e4 f4 16. c5 g5 17. h3 Qh5 18. g4 Qg6 19. Rd5 Nb4 20. Qc4 Be6 21. a3 Nc6 22. Qb5 Bxd5 23. exd5 Nd4 24. Nxd4 exd4 25. d6 Qc2 26. Bxb7 cxd6 27. Bxa8 Rxa8 28. cxd6 Qxb2 29. Qd5+ Kg7 30. Qxa8 d3 31. Qd5 Qe2 32. d7 h5 33. d8=Q Bxd8 34. Qxd8 hxg4 35. Qxg5+ 1-0


[Site "https://www.chess.com"]

[Event "Titled Tuesday Blitz March 01 Late 2022"]
[White "Ibadov, Dashgyn"]
[Black "Nakamura, Hikaru"]
[WhiteFideId "24107514"]
[BlackFideId "2016192"]
[WhiteElo "2084"]
[BlackElo "2850"]
[Result "0-1"]
[Round "01"]
[TimeControl "180+1"]
[Date "2022.03.01"]
[WhiteClock "0:00:01"]
[BlackClock "0:01:46"]

1. e4 g6 2. d4 Bg7 3. Nc3 a6 4. Nf3 b5 5. a3 Bb7 6. Be3 d6 7. Qd2 Nd7 8. h4 Ngf6 9. Bh6 Bxh6 10. Qxh6 e5 11. O-O-O Qe7 12. dxe5 dxe5 13. Qe3 O-O-O 14. g3 Kb8 15. Nd5 Nxd5 16. exd5 f6 17. Bg2 Nb6 18. Rhe1 Nxd5 19. Qb3 Qc5 20. Rd2 Nb6 21. Red1 Rxd2 22. Rxd2 Nc4 23. Re2 Rd8 24. Ne1 Qd6 25. c3 Bxg2 26. Nxg2 Qd3 27. Qc2 Qf3 28. Ne1 Qd5 29. Kb1 Nd2+ 30. Kc1 Nb3+ 31. Kb1 a5 32. f4 a4 33. fxe5 fxe5 34. g4 Nd2+ 35. Kc1 Nb3+ 36. Kb1 e4 37. Ng2 Qd1+ 38. Qxd1 Rxd1+ 39. Kc2 Rc1# 0-1


[Site "https://www.chess.com"]

[Event "Titled Tuesday Blitz March 01 Late 2022"]
[White "Ibarra Jerez, Jose Carlos"]
[Black "Rabineau, Clement"]
[WhiteFideId "2226332"]
[BlackFideId "628891"]
[WhiteElo "2626"]
[BlackElo "2237"]
[Result "1-0"]
[Round "01"]
[TimeControl "180+1"]
[Date "2022.03.02"]
[WhiteClock "0:00:50"]
[BlackClock "0:00:25"]

1. e4 d6 2. d4 g6 3. Nf3 Bg7 4. Bc4 Nf6 5. Qe2 O-O 6. e5 dxe5 7. dxe5 Nd5 8. h3 c6 9. O-O h6 10. Rd1 b5 11. Bxd5 cxd5 12. Nc3 e6 13. Nxb5 Ba6 14. a4 Nc6 15. c4 Ne7 16. b3 Qd7 17. Ba3 Rfb8 18. Bd6 Rb7 19. Bxe7 Qxe7 20. cxd5 Bxb5 21. axb5 exd5 22. Rxd5 Qb4 23. Qd3 Re8 24. Ra4 Qe7 25. Ra6 Qc7 26. Rc6 Qe7 27. g3 Kh7 28. Kg2 Rc7 29. Rxc7 Qxc7 30. Rd7 Qb8 31. Rxf7 Rf8 32. e6 Qa8 33. Rxf8 Qxf8 34. Qd7 1-0


[Site "https://www.chess.com"]

[Event "Titled Tuesday Blitz March 01 Late 2022"]
[White "Jacobson, Aaron"]
[Black "Vargas Pereda, Jesus Manue"]
[WhiteFideId "2089912"]
[BlackFideId "5115710"]
[WhiteElo "2265"]
[BlackElo "1761"]
[Result "0-1"]
[Round "01"]
[TimeControl "180+1"]
[Date "2022.03.02"]
[WhiteClock "0:00:01"]
[BlackClock "0:00:24"]

1. f3 Nf6 2. c3 g6 3. Qa4 Bg7 4. Kd1 O-O 5. Qh4 d5 6. Qe1 e5 7. g4 Nc6 8. h4 Be6 9. h5 e4 10. d4 Ne7 11. Qh4 c5 12. Bg5 Nc6 13. e3 cxd4 14. exd4 h6 15. Bxh6 Nxg4 16. Bg5 Bf6 17. hxg6 Nf2+ 18. Kc1 Bxg5+ 19. Qxg5 Qxg5+ 20. f4 Qxf4+ 21. Kc2 Nxh1 22. gxf7+ Rxf7 23. Bb5 Qf2+ 24. Nd2 Ng3 25. Rd1 e3 26. Kb3 exd2 27. Nh3 Qf5 28. Ng1 a6 0-1


[Site "https://www.chess.com"]

[Event "Titled Tuesday Blitz March 01 Late 2022"]
[White "Jacobson, Brandon"]
[Black "Domingo Nunez, Alejandro"]
[WhiteFideId "30901561"]
[BlackFideId "22245561"]
[WhiteElo "2362"]
[BlackElo "2215"]
[Result "0-1"]
[Round "01"]
[TimeControl "180+1"]
[Date "2022.03.01"]
[WhiteClock "0:00:25"]
[BlackClock "0:01:02"]

1. Nf3 g6 2. e4 Bg7 3. d4 c6 4. c4 d5 5. e5 Bg4 6. Nc3 f6 7. cxd5 cxd5 8. h3 Bxf3 9. Qxf3 e6 10. exf6 Nxf6 11. Bb5+ Nc6 12. Qe2 Qd6 13. O-O O-O 14. Bxc6 bxc6 15. Be3 Nd7 16. Rfd1 Rf7 17. Rac1 Raf8 18. Na4 e5 19. dxe5 Bxe5 20. Nc5 Nf6 21. Nd3 Ne4 22. Nxe5 Qxe5 23. f3 Ng5 24. Re1 Nxf3+ 25. gxf3 Rxf3 26. Qh2 Rg3+ 0-1


[Site "https://www.chess.com"]

[Event "Titled Tuesday Blitz March 01 Late 2022"]
[White "Johnson, Donald"]
[Black "Suleymanli, Aydin"]
[WhiteFideId "30949122"]
[BlackFideId "13413937"]
[WhiteElo "1724"]
[BlackElo "2529"]
[Result "0-1"]
[Round "01"]
[TimeControl "180+1"]
[Date "2022.03.01"]
[WhiteClock "0:00:03"]
[BlackClock "0:00:15"]

1. e4 c5 2. Nf3 e6 3. d4 cxd4 4. Nxd4 Nf6 5. Nc3 Nc6 6. Ndb5 d6 7. Bf4 e5 8. Bg5 a6 9. Na3 Be6 10. Nc4 Nd4 11. Ne3 Be7 12. Bxf6 Bxf6 13. Ncd5 Bg5 14. c3 Nc6 15. Be2 g6 16. O-O O-O 17. a4 Kh8 18. a5 f5 19. Nb6 Rb8 20. Bc4 Bxe3 21. Bxe6 Bxb6 22. axb6 fxe4 23. Ra4 Rf6 24. Bd5 Qxb6 25. Bxe4 Rbf8 26. Qd2 Qb5 27. Raa1 Ne7 28. Rad1 Rd8 29. Bd5 Qb6 30. b4 Rdf8 31. Be4 Qc7 32. Qd3 b5 33. Rc1 d5 34. Bxd5 Qb6 35. Bf3 Nf5 36. c4 Nh4 37. c5 Nxf3+ 38. Qxf3 Qe6 39. Qe3 Kg8 40. Rc2 e4 41. Rfc1 Qc6 42. Re2 Re6 43. f3 Rfe8 44. fxe4 Rxe4 45. Qb3+ Kg7 46. Rxe4 Rxe4 47. Qf3 h5 48. Rf1 Qe8 49. Qf6+ Kh6 50. Qf8+ Qxf8 51. Rxf8 Rxb4 52. c6 Rc4 53. Rc8 b4 54. c7 Kh7 55. Kf2 a5 56. Ra8 Rxc7 57. Rxa5 Rb7 58. Ra2 b3 59. Rb2 Kg7 60. g3 Kf6 61. Ke3 Kf5 62. Kf3 Kg5 63. h3 Rb4 64. g4 hxg4+ 65. hxg4 Rb5 66. Kg3 Rb4 67. Kf3 Kf6 68. Kg3 g5 69. Kh3 Ke5 70. Kg3 Kd4 71. Rd2+ Kc3 72. Rf2 b2 73. Rf3+ Kc4 74. Rf2 b1=Q 75. Kg2 Qe4+ 76. Kg3 Rb3+ 77. Kh2 Qe5+ 78. Kg2 Qg3+ 79. Kf1 Rb1+ 80. Ke2 Qd3# 0-1


[Site "https://www.chess.com"]

[Event "Titled Tuesday Blitz March 01 Late 2022"]
[White "Jones, Gawain C B"]
[Black "Vusatiuk, Vladimir"]
[WhiteFideId "409561"]
[BlackFideId "14118610"]
[WhiteElo "2657"]
[BlackElo "2157"]
[Result "0-1"]
[Round "01"]
[TimeControl "180+1"]
[Date "2022.03.01"]
[WhiteClock "0:00:05"]
[BlackClock "0:00:07"]

1. Nf3 Nf6 2. g3 d5 3. Bg2 g6 4. b3 Bg7 5. Bb2 O-O 6. c4 c5 7. cxd5 Nxd5 8. Bxg7 Kxg7 9. Qc1 Qd6 10. Nc3 Nxc3 11. Qxc3+ f6 12. Rc1 Na6 13. d4 cxd4 14. Nxd4 e5 15. Nb5 Qb6 16. Nc7 Nxc7 17. Qxc7+ Qxc7 18. Rxc7+ Rf7 19. Rxf7+ Kxf7 20. Kd2 Ke7 21. Rc1 Kd6 22. f4 Rb8 23. fxe5+ fxe5 24. Ke3 Bf5 25. b4 b6 26. Rd1+ Ke7 27. Rc1 Kd6 28. Be4 Be6 29. Rd1+ Ke7 30. Bd5 Rd8 31. Ke4 Kf6 32. a3 Bg4 33. Ke3 Be6 34. Rf1+ Ke7 35. Bxe6 Kxe6 36. Rc1 Rd4 37. Rc7 Rd7 38. Rc8 Kd5 39. g4 Rf7 40. Kd3 Kd6 41. Rh8 Kd5 42. h3 Rd7 43. e3 e4+ 44. Kc3 Rc7+ 45. Kb2 Ke5 46. Re8+ Kd5 47. Rd8+ Ke5 48. b5 Rf7 49. Re8+ Kd5 50. Rd8+ Kc5 51. Re8 Kxb5 52. Rxe4 Rf3 53. h4 Rh3 54. g5 Kc5 55. Kc3 Kd5 56. Kd3 b5 57. Re7 Rxh4 58. Rxa7 Rh5 59. Rb7 Kc6 60. Rf7 Rxg5 61. Rxh7 Rd5+ 62. Ke4 Rc5 63. Rh6 Rc4+ 64. Ke5 Ra4 65. Rxg6+ Kc5 66. Rg8 Rxa3 67. Rc8+ Kb6 68. e4 b4 69. Kd4 Kb7 70. Rc4 Rb3 71. Ke5 Rb1 72. Kd4 b3 73. Kc3 b2 74. Kc2 Rc1+ 75. Kd2 Rxc4 76. Kd3 Rc6 77. Kd4 b1=Q 78. Kd5 Qb4 79. Ke5 Qc5+ 80. Kf4 Rf6+ 81. Kg4 Rf7 82. e5 Qf8 83. e6 Qg8+ 84. Kh5 Rh7# 0-1


[Site "https://www.chess.com"]

[Event "Titled Tuesday Blitz March 01 Late 2022"]
[White "Kaasen, Tor Fredrik"]
[Black "Balint, Vilmos"]
[WhiteFideId "1516647"]
[BlackFideId "718050"]
[WhiteElo "2335"]
[BlackElo "2059"]
[Result "1-0"]
[Round "01"]
[TimeControl "180+1"]
[Date "2022.03.02"]
[WhiteClock "0:00:35"]
[BlackClock "0:00:30"]

1. d4 Nf6 2. c4 e6 3. g3 Bb4+ 4. Bd2 c5 5. Bg2 O-O 6. Nf3 d6 7. Bxb4 cxb4 8. O-O Qe7 9. a3 Nc6 10. axb4 Nxb4 11. Nc3 a5 12. Nd2 Ra6 13. e4 e5 14. dxe5 dxe5 15. Nd5 Nfxd5 16. cxd5 b6 17. Nc4 Rd8 18. Qh5 f6 19. Rfd1 g6 20. Qe2 Qc5 21. Rac1 Na2 22. Rc2 Nb4 23. Rcd2 Bd7 24. Bf1 Ba4 25. Ra1 Bb5 26. Qe3 Bxc4 27. Qxc5 bxc5 28. Bxc4 Ra7 29. d6+ Kf8 30. Bb5 Kf7 31. Rc1 Ke6 32. d7 Rc7 33. Rcd1 Nc6 34. Rd6+ Ke7 35. Bxc6 1-0


[Site "https://www.chess.com"]

[Event "Titled Tuesday Blitz March 01 Late 2022"]
[White "Kamsky, Gata"]
[Black "Batsiashvili, Nino"]
[WhiteFideId "2000024"]
[BlackFideId "13602993"]
[WhiteElo "2645"]
[BlackElo "2230"]
[Result "1-0"]
[Round "01"]
[TimeControl "180+1"]
[Date "2022.03.01"]
[WhiteClock "0:00:47"]
[BlackClock "0:00:11"]

1. e4 e5 2. Nf3 Nc6 3. Bb5 a6 4. Ba4 Nf6 5. O-O b5 6. Bb3 Bc5 7. c3 d6 8. a4 Rb8 9. axb5 axb5 10. d4 Bb6 11. h3 O-O 12. Re1 h6 13. Be3 exd4 14. cxd4 Re8 15. d5 Ne5 16. Bxb6 Rxb6 17. Nxe5 Rxe5 18. Nd2 Bd7 19. f4 Re8 20. Qf3 c6 21. dxc6 Bxc6 22. Qd3 Qb8 23. Qd4 Nd7 24. Kh1 Nc5 25. Bc2 Rb7 26. b4 Ne6 27. Qf2 Rbe7 28. Bb3 Nd8 29. f5 Bxe4 30. f6 Re5 31. Nxe4 Rxe4 32. Rxe4 Rxe4 33. Qg3 g5 34. Qd3 Re6 35. Bxe6 Nxe6 36. Qd5 Qe8 37. Ra8 Nd8 38. Qxd6 Qe1+ 39. Kh2 Kh7 40. Rxd8 Qe3 41. Qd3+ Qxd3 42. Rxd3 1-0


[Site "https://www.chess.com"]

[Event "Titled Tuesday Blitz March 01 Late 2022"]
[White "Kanyamarala, Trisha"]
[Black "Thavandiran, Shiyam"]
[WhiteFideId "45004722"]
[BlackFideId "2605058"]
[WhiteElo "2002"]
[BlackElo "2357"]
[Result "0-1"]
[Round "01"]
[TimeControl "180+1"]
[Date "2022.03.02"]
[WhiteClock "0:00:02"]
[BlackClock "0:01:05"]

1. c4 c5 2. Nc3 Nf6 3. Nf3 e6 4. g3 a6 5. Bg2 Qc7 6. O-O d6 7. d3 Be7 8. a3 b6 9. Rb1 Bb7 10. b4 Nbd7 11. b5 a5 12. e4 O-O 13. a4 Rad8 14. Re1 Rfe8 15. h3 Bf8 16. Bf4 g6 17. Qc2 Bg7 18. g4 h6 19. Ne2 Ne5 20. Nxe5 dxe5 21. Bg3 Qd6 22. Rbd1 Rd7 23. Qc3 Nh7 24. Kh1 Red8 25. Rd2 Nf8 26. Ng1 g5 27. Nf3 Ng6 28. Ng1 Nf4 29. Bxf4 exf4 30. e5 Bxg2+ 31. Kxg2 Qd4 32. Qxd4 Rxd4 33. Red1 Kf8 34. Nf3 R4d7 35. d4 cxd4 36. Rxd4 Rxd4 37. Rxd4 Rxd4 38. Nxd4 Bxe5 39. Nb3 Ke7 40. c5 bxc5 41. Nxc5 Bc7 42. Nd3 Kd6 43. Kf3 Kd5 44. Ke2 Kc4 45. Kd2 Bb6 46. f3 Kb3 47. Ne5 Kxa4 48. Nxf7 Kxb5 49. Nxh6 Bd8 50. Nf7 Be7 51. Kc2 a4 52. Ne5 Kc5 53. Nd3+ Kd4 0-1


[Site "https://www.chess.com"]

[Event "Titled Tuesday Blitz March 01 Late 2022"]
[White "Kevlishvili, Robby"]
[Black "Migot, Tangi"]
[WhiteFideId "1040634"]
[BlackFideId "662445"]
[WhiteElo "2584"]
[BlackElo "2506"]
[Result "1/2-1/2"]
[Round "01"]
[TimeControl "180+1"]
[Date "2022.03.01"]
[WhiteClock "0:00:41"]
[BlackClock "0:00:46"]

1. e4 e5 2. Nf3 d6 3. d4 exd4 4. Nxd4 Nf6 5. Nc3 Be7 6. g3 O-O 7. Bg2 Nc6 8. O-O Nxd4 9. Qxd4 c6 10. a4 Qb6 11. Qxb6 axb6 12. Be3 Nd7 13. Rad1 Nc5 14. b3 f5 15. Rfe1 fxe4 16. Nxe4 Nxe4 17. Bxe4 d5 18. Bg2 Bb4 19. Bd2 Bc5 20. Be3 Bb4 21. Rf1 Bf5 22. Rc1 Ba3 23. Bxb6 Bxc1 24. Rxc1 Rfe8 25. Kf1 g6 26. Bf3 Bh3+ 27. Kg1 Rf8 28. Be2 Rae8 29. Bd3 Rf7 30. Bc5 Rf6 31. f4 Rfe6 32. Kf2 Bf5 33. Bf1 h5 34. Bd4 Kf7 35. b4 h4 36. a5 g5 37. fxg5 h3 38. c4 Re4 39. Bf6 dxc4 40. Bxc4+ Kg6 41. b5 cxb5 42. Bxb5 Rc8 43. Rxc8 Bxc8 44. Bd3 Bf5 45. Bxe4 Bxe4 46. g4 Bg2 47. Kg3 Bf1 48. Kh4 Bg2 49. Bd4 Bf1 50. Be3 Bg2 51. Kg3 Bf1 52. Kf4 Bg2 53. Bd2 Bf1 54. Kf3 Bg2+ 55. Kf2 Kf7 56. Bf4 Kg6 57. Ke3 Kf7 58. Kd4 Kg6 59. Ke3 Bf1 60. Kf3 Bg2+ 61. Kg3 Kf7 62. Kh4 Kg6 63. Bd2 Bf1 64. Kg3 Bg2 65. Kf4 Bf1 66. Ke5 Bg2 67. Kd6 Bf1 68. Kc7 Bg2 69. Be3 Kf7 70. Kd6 Kg6 71. Ke7 Bf1 72. Ke6 Bg2 73. Ke5 Bf1 74. Kd5 Bg2+ 75. Kc5 Bf1 76. Kb6 Bg2 77. Bd2 Kf7 78. Kc7 Kg6 79. Kd6 Kf7 80. Ke5 Kg6 81. Kf4 1/2-1/2


[Site "https://www.chess.com"]

[Event "Titled Tuesday Blitz March 01 Late 2022"]
[White "Kim, Sergey"]
[Black "Prohorov, Olexandr"]
[WhiteFideId "13700570"]
[BlackFideId "14105578"]
[WhiteElo "2624"]
[BlackElo "1993"]
[Result "1-0"]
[Round "01"]
[TimeControl "180+1"]
[Date "2022.03.02"]
[WhiteClock "0:02:44"]
[BlackClock "0:02:27"]

1. d4 g6 2. c4 Bg7 3. Nc3 c5 4. d5 Bxc3+ 5. bxc3 f5 6. h4 Qa5 7. Qd3 Nf6 8. h5 Rg8 9. hxg6 hxg6 10. Bg5 Ne4 11. Nf3 d6 12. Rh7 e5 13. dxe6 Bxe6 14. Re7+ Kf8 15. Rxe6 1-0


[Site "https://www.chess.com"]

[Event "Titled Tuesday Blitz March 01 Late 2022"]
[White "Kopczynski, Michal"]
[Black "Abdrlauf, Elham"]
[WhiteFideId "1124200"]
[BlackFideId "1533533"]
[WhiteElo "2235"]
[BlackElo "2334"]
[Result "0-1"]
[Round "01"]
[TimeControl "180+1"]
[Date "2022.03.01"]
[WhiteClock "0:00:08"]
[BlackClock "0:00:04"]

1. e4 d6 2. d4 Nf6 3. Nc3 g6 4. Bg5 Bg7 5. Qd2 O-O 6. O-O-O c5 7. dxc5 Qa5 8. cxd6 exd6 9. Bc4 Nc6 10. Bxf6 Bxf6 11. Nd5 Qxd2+ 12. Rxd2 Bg7 13. f4 Be6 14. Nf3 Rac8 15. Bb3 Rfe8 16. Rhd1 Kf8 17. Kb1 Na5 18. Nd4 Bg4 19. Re1 Nc4 20. Bxc4 Rxc4 21. c3 f5 22. Ne3 Rxe4 23. Nxc4 Rxe1+ 24. Kc2 Ke7 25. Nb5 Bh6 26. g3 g5 27. fxg5 Bxg5 28. Rf2 d5 29. Ncd6 Ke6 30. Nxb7 Rc1+ 31. Kb3 Be7 32. Nd4+ Kf6 33. Rd2 h5 34. a4 Bd1+ 35. Ka2 h4 36. Nc6 h3 37. Nxe7 Kxe7 38. Na5 Bf3 39. Nc6+ Kf6 40. Nd4 Be4 41. Rf2 Rg1 42. Kb3 Rg2 43. Rxg2 hxg2 44. Ne2 Kg5 45. Ng1 f4 46. gxf4+ Kxf4 47. h4 Ke3 48. h5 Kf2 49. Nh3+ Kg3 50. Ng1 Kh2 51. Ne2 Bd3 52. Nd4 Kh3 53. Nf3 Kg3 54. Ng1 Bf5 55. h6 Kf2 56. Nh3+ Kg3 57. h7 Bxh7 58. Ng1 Bf5 59. Ne2+ Kf3 60. Nd4+ Kf2 61. Nxf5 g1=Q 62. Nd4 Qd1+ 63. Kb4 Ke3 64. b3 Kd3 65. Nc6 Qe1 66. Kb5 Qxc3 67. b4 Qc4+ 68. Ka5 Qxc6 69. b5 Qb6+ 70. Kb4 Kc2 71. a5 Qd4+ 72. Ka3 Qc3+ 73. Ka4 Qb3# 0-1


[Site "https://www.chess.com"]

[Event "Titled Tuesday Blitz March 01 Late 2022"]
[White "Kosakowski, Jakub"]
[Black "Stankovic, Ivan G"]
[WhiteFideId "1185080"]
[BlackFideId "902837"]
[WhiteElo "2476"]
[BlackElo "2195"]
[Result "0-1"]
[Round "01"]
[TimeControl "180+1"]
[Date "2022.03.02"]
[WhiteClock "0:00:09"]
[BlackClock "0:00:14"]

1. d4 d5 2. c4 c6 3. Nf3 Nf6 4. g3 a6 5. Bg2 Bf5 6. O-O e6 7. Qb3 Ra7 8. Nc3 Ne4 9. Bf4 Nd7 10. Rfc1 g5 11. Be3 h6 12. Ne5 Nxe5 13. dxe5 Nxc3 14. bxc3 dxc4 15. Qxc4 Ra8 16. Bd4 Be7 17. e4 Bg6 18. Rab1 Qd7 19. Rb6 Bd8 20. Rb2 b5 21. Qe2 Be7 22. Be3 O-O 23. c4 Rfd8 24. Bb6 Ba3 25. Bxd8 Rxd8 26. cxb5 cxb5 27. Re1 Bxb2 28. Qxb2 Qd4 29. Qa3 Qxe5 30. Qxa6 Rd2 31. Rf1 Kg7 32. a4 b4 33. Qb6 Qd4 34. Qb5 Bxe4 35. Bxe4 Qxe4 36. a5 Ra2 37. a6 Qd4 38. Qb7 Ra3 39. Qc6 b3 40. Rb1 Ra1 41. Qc1 Rxb1 42. Qxb1 Qa4 43. Qb2+ f6 44. a7 Qxa7 45. Qxb3 Qe7 46. Qe3 h5 47. Qf3 Kg6 48. Qd3+ f5 49. Qd4 Qf6 50. Qd7 g4 51. Qe8+ Qf7 52. Qd8 e5 53. Qd6+ Qf6 54. Qb8 f4 55. Qg8+ Kh6 56. Qf7 Qxf7 0-1


[Site "https://www.chess.com"]

[Event "Titled Tuesday Blitz March 01 Late 2022"]
[White "Leenhouts, Koen"]
[Black "Urazayev, Arystanbek"]
[WhiteFideId "1008439"]
[BlackFideId "13709810"]
[WhiteElo "2409"]
[BlackElo "2321"]
[Result "0-1"]
[Round "01"]
[TimeControl "180+1"]
[Date "2022.03.01"]
[WhiteClock "0:00:05"]
[BlackClock "0:00:30"]

1. d4 d5 2. c4 dxc4 3. Nf3 Nf6 4. e3 e6 5. Bxc4 c5 6. O-O Nc6 7. Nc3 a6 8. Bb3 Be7 9. dxc5 Bxc5 10. e4 Qxd1 11. Rxd1 Ng4 12. Rf1 Ke7 13. h3 Nge5 14. Nxe5 Nxe5 15. Na4 Ba7 16. Bd2 b5 17. Bb4+ Kf6 18. Nc3 Bb7 19. Kh2 Nd3 20. Bd6 Bb8 21. Bxb8 Raxb8 22. Rad1 Nxb2 23. Rd7 b4 24. e5+ Kxe5 25. Nd1 Nxd1 26. Rfxd1 Kf6 27. R1d4 g5 28. Rxb4 Bc6 29. Rxb8 Rxb8 30. Ra7 Bb5 31. Kg3 Rc8 32. h4 h6 33. hxg5+ hxg5 34. f3 Rd8 35. Rc7 Rd7 36. Rc5 Kg6 37. Kg4 f5+ 38. Kg3 Kf6 39. a4 Bf1 40. Rc6 Rd2 41. Rxe6+ Kg7 42. Re7+ Kf8 43. Rf7+ Ke8 44. Kh2 Rxg2+ 45. Kh1 Rb2 46. Bd5 Bd3 47. Rg7 Rb4 48. Rxg5 Ke7 49. a5 Rb5 50. Bc6 Rxa5 51. Kg2 Kf6 52. Rg8 Rc5 53. Rc8 Bb5 54. Bb7 Rxc8 55. Bxc8 f4 56. Kf2 Ke5 57. Ke1 Kd4 58. Kd2 a5 59. Bg4 Bc6 60. Kc2 Ke3 61. Kb2 Bxf3 62. Bf5 Bc6 63. Bg4 Bf3 64. Bf5 Bh5 65. Bh3 f3 66. Bf1 f2 67. Bb5 Be2 0-1


[Site "https://www.chess.com"]

[Event "Titled Tuesday Blitz March 01 Late 2022"]
[White "Leiva, Gianmarco"]
[Black "Zhou, Qiyu"]
[WhiteFideId "3804399"]
[BlackFideId "505161"]
[WhiteElo "2328"]
[BlackElo "1925"]
[Result "1-0"]
[Round "01"]
[TimeControl "180+1"]
[Date "2022.03.02"]
[WhiteClock "0:01:38"]
[BlackClock "0:01:52"]

1. e4 e5 2. Bc4 Nf6 3. d3 Be7 4. Nc3 c6 5. Nf3 d6 6. O-O O-O 7. a4 Bg4 8. a5 Nbd7 9. h3 Bh5 10. Be3 Qc7 11. g4 Bg6 12. Nh4 b5 13. axb6 axb6 14. Qf3 Nc5 15. Nxg6 hxg6 16. Rxa8 Rxa8 17. g5 d5 18. gxf6 dxc4 19. fxe7 1-0


[Site "https://www.chess.com"]

[Event "Titled Tuesday Blitz March 01 Late 2022"]
[White "Levine, David"]
[Black "Sargsyan, Anna M."]
[WhiteFideId "2011611"]
[BlackFideId "13308130"]
[WhiteElo "2130"]
[BlackElo "2271"]
[Result "0-1"]
[Round "01"]
[TimeControl "180+1"]
[Date "2022.03.02"]
[WhiteClock "0:00:17"]
[BlackClock "0:01:38"]

1. d4 d5 2. c4 c6 3. Nf3 Nf6 4. Qc2 dxc4 5. Qxc4 Bf5 6. g3 e6 7. Bg2 Nbd7 8. O-O Be7 9. Nc3 O-O 10. Bf4 h6 11. Rfe1 Ne4 12. Rad1 Nb6 13. Qb3 a5 14. Nxe4 Bxe4 15. Ne5 a4 16. Qc3 Bxg2 17. Kxg2 Qd5+ 18. f3 Qxa2 19. e4 a3 20. Rd2 Na4 21. Qc4 Qxc4 22. Nxc4 Bb4 23. bxa3 Bxd2 24. Bxd2 Rfd8 25. Be3 f6 26. Rb1 b5 27. Nd2 e5 28. dxe5 fxe5 29. Nb3 Rd3 30. Kf2 Nc3 31. Rc1 Nd1+ 32. Rxd1 Rxd1 33. Bc5 Rd3 34. Nc1 Rdxa3 35. h4 Rc3 36. Be3 c5 0-1


[Site "https://www.chess.com"]